 Dungeon Crawl Stone Soup version bcrawl-1.20 (webtiles) character file.

Game seed: 242380685925349879

611 Mrkan the Cudgeler (level 7, -4/61 HPs)
             Began as a Minotaur Fighter on Jan 21, 2020.
             Killed by divine providence
             ... invoked by an orc priest
              (9 damage)
             ... on level 3 of the Dungeon.
             The game lasted 00:03:01 (2373 turns).

Mrkan the Cudgeler (Minotaur Fighter)               Turns: 2373, Time: 00:03:02

Health: -4/61      AC: 11    Str: 21    XL:     7   Next: 20%
Magic:  6/6        EV:  7    Int:  5    God:
Gold:   37         SH: 10    Dex: 11    Spells: 6/6 levels left

rFire    . . .     SeeInvis .   a - +0 flail
rCold    . . .     Gourm    .   c - +0 shield
rNeg     . . .     Faith    .   q - +0 chain mail
rPois    .         Spirit   .   (helmet restricted)
rElec    .         Reflect  .   o - +0 cloak
rCorr    .         Harm     .   (no gloves)
MR       .....                  (no boots)
Stlth    ..........             (no amulet)
HPRegen  0.20/turn              (no ring)
MPRegen  0.10/turn              (no ring)

@: no status effects
A: retaliatory headbutt, horns 2
a: no special abilities


You were on level 3 of the Dungeon.
You were not hungry.

You visited 1 branch of the dungeon, and saw 3 of its levels.

You collected 37 gold pieces.

Inventory:

Hand Weapons
 a - a +0 flail (weapon)
Armour
 c - a +0 shield (worn)
 o - a +0 cloak (worn)
 q - a +0 chain mail (worn)
Jewellery
 k - a cursed amulet of inaccuracy {unknown}
Scrolls
 f - 3 scrolls of identify {unknown}
 g - 3 scrolls of amnesia {unknown}
 h - a scroll of remove curse {unknown}
 l - a scroll of noise {unknown}
 n - a scroll of immolation {unknown}
Potions
 d - 4 potions of might
 i - a potion of ambrosia {unknown}
 j - a potion of magic {unknown}
 m - 2 potions of heal wounds {unknown}
Comestibles
 e - 7 rations {!d}


   Skills:
 + Level 5.3 Fighting
 * Level 6.0 Maces & Flails
 + Level 5.3 Armour
 + Level 2.6 Dodging
 + Level 5.2 Shields


You had 6 spell levels left.
You didn't know any spells.
Your spell library was empty.

Dungeon Overview and Level Annotations

Branches:
Dungeon (3/12)

Altars:


Innate Abilities, Weirdness & Mutations

You reflexively headbutt those who attack you in melee.
You have a pair of horns on your head.


Message History

Things that are here:
a +0 trident; 68 poisoned tomahawks; a metallic coppery potion
Items here: )))) ? [ †† You barely miss the jackal.
The jackal closely misses you. You block the jackal's attack.
Your shield and chain mail prevent you from hitting the jackal.
You headbutt the jackal.
You kill the jackal!
You hit the orc but do no damage. You headbutt the orc!
You kill the orc!
You hit the orc but do no damage. Your headbutt misses the orc.
You block the orc's attack.
The orc priest invokes the aid of Beogh against you.
Beogh smites you!
* * * LOW HITPOINT WARNING * * *
You hit the orc.
You kill the orc!
The orc priest calls down the wrath of Beogh upon you.
Beogh smites you!
You die...

.### .... #..## #...#
#####...###### ........!.##.#
###############
.........>#..####..............
............o†@)..#############
..........†.#######
...........†.# ..............#
........o.#.#.#
................
......>..........
###................
##...............


You could see an orc priest.

Vanquished Creatures
  Sigmund (D:2)
  A phantom (D:2)
  A scorpion (D:2)
  An orc priest (D:3)
  A hound (D:2)
  2 orc wizards (D:3)
  Jessica (D:2)
  Terence (D:2)
  Robin (D:2)
  4 adders
  An ooze (D:1)
  A worm (D:3)
  4 leopard geckos
  16 orcs
  2 ball pythons (D:2)
  A giant cockroach (D:3)
  17 goblins
  10 hobgoblins
  A jackal (D:3)
  7 kobolds
  3 quokkas
  3 bats
  7 frilled lizards
  5 rats
92 creatures vanquished.

Notes
Turn   | Place    | Note
-------+----------+-------------------------------------------
     0 | D:1      | Mrkan the Minotaur Fighter began the quest for the Orb.
     0 | D:1      | Reached XP level 1. HP: 19/19 MP: 0/0
   139 | D:1      | Reached XP level 2. HP: 23/27 MP: 1/1
   276 | D:1      | Reached skill level 3 in Maces & Flails
   706 | D:2      | Reached XP level 3. HP: 26/33 MP: 2/2
   859 | D:2      | Reached XP level 4. HP: 29/40 MP: 3/3
  1035 | D:2      | Reached skill level 4 in Maces & Flails
  1035 | D:2      | Reached skill level 1 in Dodging
  1176 | D:2      | Noticed Jessica
  1182 | D:2      | Killed Jessica
  1182 | D:2      | Reached XP level 5. HP: 47/47 MP: 4/4
  1223 | D:2      | Noticed Terence
  1231 | D:2      | Killed Terence
  1418 | D:2      | Noticed a phantom
  1418 | D:2      | Noticed Robin
  1432 | D:2      | Killed Robin
  1466 | D:2      | Killed a phantom
  1466 | D:2      | Reached skill level 5 in Maces & Flails
  1466 | D:2      | Reached XP level 6. HP: 25/53 MP: 5/5
  1661 | D:2      | Noticed Sigmund
  1678 | D:2      | Killed Sigmund
  1678 | D:2      | Reached skill level 5 in Fighting
  1678 | D:2      | Reached skill level 5 in Armour
  1678 | D:2      | Reached skill level 5 in Shields
  2074 | D:3      | Reached XP level 7. HP: 24/61 MP: 6/6
  2359 | D:3      | Reached skill level 6 in Maces & Flails
  2373 | D:3      | Killed from afar by an orc priest

Skill      XL: |  1  2  3  4  5  6  7 |
---------------+----------------------+-----
Maces & Flails | 3 4 5 6 |  6.0
Armour         | 4 5 |  5.3
Shields        | 4 5 |  5.2
Fighting       | 4 5 |  5.3
Dodging        | 1 2 |  2.6

Action                   |  1- 3 |  4- 6 |  7- 9 || total
-------------------------+-------+-------+-------++-------
Melee: Flail             |    70 |   118 |    54 ||   242
       Headbutt          |     8 |    18 |    10 ||    36
  Eat: Chunk             |       |     4 |     1 ||     5
Armor: Scale mail        |    37 |    52 |     4 ||    93
       Chain mail        |       |       |    27 ||    27
Dodge: Dodged            |    15 |    48 |     8 ||    71
Block: Shield            |    29 |    64 |    27 ||   120
